 Dungeon Crawl Stone Soup version 0.24-b1 (webtiles) character file.

Game seed: 3311450613665779250, levelgen mode: deterministic

233 Kohma the Insei (level 6, -6/38 HPs)
             Began as an Octopode Transmuter on Oct 13, 2019.
             Mangled by an iguana (12 damage)
             ... on level 6 of the Dungeon.
             The game lasted 00:08:46 (3666 turns).

Kohma the Insei (Octopode Transmuter)               Turns: 3666, Time: 00:08:46

Health: -6/38      AC:  1    Str:  9    XL:     6   Next: 5%
Magic:  4/10       EV: 13    Int: 15    God:
Gold:   221        SH:  0    Dex: 15    Spells: 5/11 levels left

rFire    + . .     SeeInvis .     - Unarmed
rCold    . . .     Gourm    .   (no shield)
rNeg     . . .     Faith    .   (helmet restricted)
rPois    .         Spirit   .   (no amulet)
rElec    .         Reflect  .   g - ring of stealth
rCorr    .         Harm     .   m - ring of protection from fire
MR       .....                  (no ring)
Stlth    +++.......             (no ring)
HPRegen  0.12/turn              (no ring)
MPRegen  0.12/turn              (no ring)
                                (no ring)
                                (no ring)

@: very slightly contaminated
A: almost no armour, stealthy swim, amphibious, 8 rings, constrict 8, camouflage
1, gelatinous body 1
a: no special abilities


You were on level 6 of the Dungeon.
You were hungry.

You visited 1 branch of the dungeon, and saw 5 of its levels.

You collected 221 gold pieces.

Inventory:

Missiles
 a - 34 arrows
 b - 24 poisoned darts (quivered)
Magical Staves
 q - an uncursed staff of earth {unknown}
Jewellery
 g - a ring of stealth (left tentacle)
 j - an uncursed ring of fire
 m - a ring of protection from fire (right tentacle)
Scrolls
 f - a scroll of enchant weapon
 h - 3 scrolls of teleportation
 k - a scroll of magic mapping
Potions
 d - a potion of heal wounds
 n - 2 potions of haste
 p - a potion of flight {unknown}
Comestibles
 c - 9 rations
 i - a chunk of flesh


   Skills:
 - Level 1.0 Fighting
 - Level 2.0 Dodging
 - Level 5.0 Unarmed Combat
 - Level 3.0 Spellcasting
 - Level 3.0 Transmutations
 + Level 2.6 Poison Magic


You had 5 spell levels left.
You knew the following spells:

 Your Spells              Type           Power        Failure   Level  Hunger
a - Beastly Appendage     Tmut           ##....       6%          1    #......
b - Sticks to Snakes      Tmut           ##......     9%          2    ##.....
c - Spider Form           Tmut/Pois      ##........   19%         3    ###....

Your spell library contained the following spells:

 Spells                   Type           Power        Failure   Level  Hunger
 Ice Form                 Ice/Tmut       #.......     71%         4    #####..
 Blade Hands              Tmut           ##........   85%         5    ######.


Dungeon Overview and Level Annotations

Branches:
Dungeon (4/15)             Temple (0/1) D:4

Altars:
Sif Muna


Innate Abilities, Weirdness & Mutations

You cannot wear most types of armour.
You are very stealthy in the water. (Stealth+)
You are amphibious.
You can wear up to eight rings at the same time.
You can use your tentacles to constrict eight enemies at once.
Your skin changes colour to match your surroundings (Stealth+).
Your rubbery body absorbs attacks. (AC +1, EV +1)


Message History

The adder zombie completely misses you.
You hit the adder zombie.
The adder zombie is almost destroyed.
The adder zombie closely misses you.
You barely miss the adder zombie.
The adder zombie is almost destroyed.
The adder zombie closely misses you.
You bite the adder zombie!
You destroy the adder zombie!
Training target 3.0 for Spellcasting reached!
Your Spellcasting skill increases to level 3!
A wyvern skeleton comes into view.
Found a stone staircase leading down.
You bite the wyvern skeleton!
The wyvern skeleton is lightly damaged.
Your transformation has ended.
The wyvern skeleton bites you!
* * * LOW HITPOINT WARNING * * *
The iguana bites you!
You die...

## ... .>..
....#
######.....#
#...@Z.....#
#....l....##
#.!...###.#
####....
####.# .# #


You could see an iguana and a wyvern skeleton.

Vanquished Creatures
  A water moccasin skeleton (D:6)
  An orc wizard (D:3)
  3 adders (D:2)
  2 oozes
  An adder zombie (D:6)
  5 worms
  2 dart slugs
  5 leopard geckos
  4 orcs (D:3)
  A ball python (D:3)
  8 bats
  5 giant cockroaches
  12 goblins
  10 hobgoblins
  7 jackals
  6 kobolds
  3 quokkas (D:3)
  5 frilled lizards
  7 rats
88 creatures vanquished.

Notes
Turn   | Place    | Note
-------+----------+-------------------------------------------
     0 | D:1      | Kohma the Octopode Transmuter began the quest for the Orb.
     0 | D:1      | Reached XP level 1. HP: 13/13 MP: 3/3
   223 | D:1      | Reached XP level 2. HP: 16/18 MP: 5/5
   227 | D:1      | Learned a level 2 spell: Sticks to Snakes
   541 | D:1      | Reached XP level 3. HP: 19/23 MP: 6/6
   711 | D:1      | Learned a level 3 spell: Spider Form
   816 | D:1      | Reached skill level 4 in Unarmed Combat
  1201 | D:2      | Reached XP level 4. HP: 16/28 MP: 5/7
  1784 | D:2      | Found a shimmering blue altar of Sif Muna.
  1843 | D:2      | Found a faded altar of an unknown god.
  2635 | D:3      | Reached skill level 5 in Unarmed Combat
  2635 | D:3      | Reached XP level 5. HP: 22/33 MP: 8/8
  2780 | D:3      | Reached skill level 1 in Poison Magic
  3644 | D:4      | You fall into a shaft and drop 2 floors!
  3656 | D:6      | Reached XP level 6. HP: 15/38 MP: 3/10
  3666 | D:6      | Mangled by an iguana

Skill      XL: |  1  2  3  4  5  6 |
---------------+-------------------+-----
Unarmed Combat | 4 5 |  5.0
Transmutations | 3 |  3.0
Poison Magic   | 2 |  2.6
Spellcasting   | 3 |  3.0
Fighting       | |  1.0
Dodging        | |  2.0

Action                   |  1- 3 |  4- 6 || total
-------------------------+-------+-------++-------
Melee: Unarmed           |    77 |   135 ||   212
       Constrict         |    19 |    35 ||    54
       Kick              |    14 |    14 ||    28
       Tentacles         |    10 |     9 ||    19
       Punch             |     2 |     3 ||     5
 Cast: Beastly Appendage |     7 |    10 ||    17
       Sticks to Snakes  |     3 |       ||     3
       Spider Form       |       |     2 ||     2
  Use: Scroll            |       |     8 ||     8
 Stab: Sleeping          |     7 |     6 ||    13
       Distracted        |     1 |       ||     1
  Eat: Chunk             |     1 |     8 ||     9
Armor: Skin              |    11 |     3 ||    14
Dodge: Dodged            |    52 |    74 ||   126
